 Dungeon Crawl Stone Soup version 0.31-a0-880-g9a209b2425 (webtiles) character file.

Game seed: 577016974125753387

235807 BinkBink the Imperceptible (level 18, -24/101 HPs)
             Began as a Spriggan Hunter on Oct 15, 2023.
             Was the Champion of Dithmenos.
             Succumbed to a redback's poison
             ... on level 3 of the Lair of Beasts.
             The game lasted 01:40:15 (44593 turns).

BinkBink the Imperceptible (Spriggan Hunter)       Turns: 44593, Time: 01:40:15

Health: -24/101    AC:  5    Str: 14    XL:     18   Next: 92%
Magic:  19/19      EV: 69    Int: 19    God:    Dithmenos [******]
Gold:   1639       SH:  5    Dex: 40    Spells: 17/17 levels left

rFire   + + .        d - +6 arbalest of Tenacity {elec, rF+ Int+6 Dex+3 Stlth-}
rCold   + + .        (shield currently unavailable)
rNeg    . . .        h - +4 robe of the Swamp {Harm rF- Slay+3}
rPois   .            W - -1 hat "Widaekh" {Int+2 Dex+5}
rElec   .            j - scarf {rC+ rF+}
rCorr   .            (gloves unavailable)
SInv    +            (boots unavailable)
Will    +++..        e - amulet of Mas Yxte {Reflect rC+ Str+7 SH+5} Stlth *********+
                     L - ring of Brilliance {rF+ Dex+6}
HPRegen 0.36/turn    g - +5 ring of evasion
MPRegen 0.16/turn

%: harm (+30% outgoing, +20% incoming), reflection
@: lethally poisoned (-24 -> -352), wreathed by umbra, studying Air Magic, very
quick
A: very small, no large weapons, unfitting armour, see invisible, speed 3
}: 1/15 runes: barnacled
a: Renounce Religion, Shadow Step, Shadow Form


You were on level 3 of the Lair of Beasts.
You worshipped Dithmenos.
Dithmenos was exalted by your worship.
You visited 7 branches of the dungeon, and saw 31 of its levels.
You also visited: Trove, Gauntlet and Ice Cave.

You collected 5923 gold pieces.
You spent 4284 gold pieces at shops.

Inventory:

Hand Weapons
 d - the +6 arbalest of Tenacity (weapon) {elec, rF+ Int+6 Dex+3 Stlth-}
   (You acquired it on level 6 of the Dungeon)

   Int+6:     It affects your intelligence (+6).
   Dex+3:     It affects your dexterity (+3).
   rF+:       It protects you from fire.
   Stlth-:    It makes you less stealthy.
 f - the +11 rapier of the Dwarven Hall {drain, Will+ Str+3 Int-3}
   (You found it in a treasure trove)

   Str+3:     It affects your strength (+3).
   Int-3:     It affects your intelligence (-3).
   Will+:     It increases your willpower.
Armour
 h - the +4 robe of the Swamp (worn) {Harm rF- Slay+3}
   (You bought it in a shop on level 1 of the Elven Halls)

   Slay+3:    It affects your accuracy & damage with ranged weapons and melee
   (+3).
   rF-:       It makes you vulnerable to fire.
   Harm:      It increases damage dealt and taken.
 j - a scarf of resistance (worn)
 l - the +0 hat "Wimus" {rPois rC- rN+++ Regen+}
   (You found it in a treasure trove)

   rC-:       It makes you vulnerable to cold.
   rPois:     It protects you from poison rN+++: It renders you almost immune to
   negative energy.
   Regen+:    It increases your rate of health regeneration.
 t - +0 storm dragon scales
 E - a +3 troll leather armour
 W - the -1 hat "Widaekh" (worn) {Int+2 Dex+5}
   (You bought it in a shop on level 1 of the Shoals)

   Int+2:     It affects your intelligence (+2).
   Dex+5:     It affects your dexterity (+5).
Jewellery
 e - the amulet of Mas Yxte (around neck) {Reflect rC+ Str+7 SH+5}
   (You acquired it on level 6 of the Dungeon)

   [amulet of reflection]

   Reflect:   It reflects blocked missile attacks.
   Str+7:     It affects your strength (+7).
   rC+:       It protects you from cold.
   SH+5:      It affects your SH (+5).
 g - a +5 ring of evasion (right hand)
 k - the amulet of Yqupnat {Will+ Regen+ rCorr MP+9 Str-4 Dex+2}
   (You found it in a treasure trove)

   [amulet of regeneration]

   Str-4:     It affects your strength (-4).
   Dex+2:     It affects your dexterity (+2).
   Will+:     It increases your willpower.
   MP+9:      It affects your magic capacity (+9).
   Regen+:    It increases your rate of health regeneration.
   rCorr:     It protects you from acid and corrosion.
 n - the amulet of Leulo {rElec rF+ Regen+ rCorr Dex+3}
   (You found it in a treasure trove)

   [amulet of regeneration]

   Dex+3:     It affects your dexterity (+3).
   rF+:       It protects you from fire.
   rElec:     It insulates you from electricity.
   Regen+:    It increases your rate of health regeneration.
   rCorr:     It protects you from acid and corrosion.
 q - the amulet "Haes Virerph" {Spirit +Inv Str+2 SInv}
   (You took it off a deep elf sorcerer on level 3 of the Elven Halls)

   [amulet of guardian spirit]

   Spirit:    It causes incoming damage to be divided between your reserves of
   health and magic.
   Str+2:     It affects your strength (+2).
   SInv:      It lets you see invisible.
   +Inv:      It lets you turn invisible.
 L - the ring of Brilliance (left hand) {rF+ Dex+6}
   (You acquired it on level 8 of the Dungeon)

   [ring of dexterity]

   Dex+6:     It affects your dexterity (+6).
   rF+:       It protects you from fire.
 M - a ring of flight
 Y - the amulet of the Delightful God {Reflect rPois SH+5}
   (You took it off a deep elf elementalist on level 3 of the Elven Halls)

   [amulet of reflection]

   Reflect:   It reflects blocked missile attacks.
   rPois:     It protects you from poison SH+5: It affects your SH (+5).
 Z - the ring of Jaqorobi {Str+6 Int+4}
   (You took it off a deep elf elementalist on level 3 of the Elven Halls)

   [ring of strength]

   Str+6:     It affects your strength (+6).
   Int+4:     It affects your intelligence (+4).
Wands
 c - a wand of roots (28)
 s - a wand of light (32)
 v - a wand of paralysis (50)
 C - a wand of digging (10)
 I - a wand of flame (55)
 K - a wand of polymorph (27)
 N - a wand of mindburst (22)
Scrolls
 b - 2 scrolls of blinking
 m - 10 scrolls of teleportation
 o - 4 scrolls of fear
 p - 4 scrolls of enchant weapon
 r - 5 scrolls of fog
 u - 3 scrolls of immolation {unknown}
 w - 6 scrolls of enchant armour
 x - 4 scrolls of poison
 J - 3 scrolls of summoning
 P - 2 scrolls of brand weapon
 Q - 3 scrolls of noise
 T - 2 scrolls of revelation
 V - 2 scrolls of amnesia
Potions
 a - a potion of resistance
 i - 4 potions of haste
 z - 6 potions of ambrosia
 A - 10 potions of curing
 B - 6 potions of attraction
 D - 5 potions of heal wounds
 F - 2 potions of brilliance
 G - 4 potions of enlightenment
 H - 8 potions of lignification
 O - 3 potions of magic
 R - 6 potions of might
 S - 4 potions of mutation
 U - 2 potions of berserk rage
 X - 2 potions of invisibility


   Skills:
 + Level 13.9 Fighting
 - Level 18.0 Ranged Weapons
 + Level 5.0 Armour
 + Level 24.5 Dodging
 + Level 26.9 Stealth


You had 17 spell levels left.
You didn't know any spells.
Your spell library contained the following spells:

 Spells                   Type           Power      Damage    Failure   Level
 Foxfire                  Conj/Fire      0%         2x1d4     21%         1
 Slow                     Hex            0%         N/A       21%         1
 Summon Small Mammal      Summ           0%         N/A       21%         1
 Blink                    Tloc           0%         N/A       30%         2
 Cigotuvi's Dreadful Rot  Necr/Pois/Air  0%         N/A       30%         2
 Ensorcelled Hibernation  Hex/Ice        0%         N/A       30%         2
 Jinxbite                 Hex            0%         N/A       30%         2
 Lesser Beckoning         Tloc           0%         N/A       30%         2
 Momentum Strike          Conj/Tloc      0%         3d8       30%         2
 Sublimation of Blood     Necr           0%         N/A       30%         2
 Wereblood                Tmut           0%         N/A       30%         2
 Call Canine Familiar     Summ           0%         N/A       52%         3
 Confusing Touch          Hex            0%         N/A       52%         3
 Dazzling Flash           Conj/Hex       0%         N/A       52%         3
 Gell's Gravitas          Tloc           0%         N/A       52%         3
 Ignite Poison            Fire/Tmut/Pois 0%         N/A       52%         3
 Inner Flame              Hex/Fire       0%         N/A       52%         3
 Sigil of Binding         Hex            0%         N/A       52%         3
 Stone Arrow              Conj/Erth      0%         3d7       52%         3
 Summon Guardian Golem    Hex/Summ       0%         N/A       52%         3
 Teleport Other           Tloc           0%         N/A       52%         3
 Vampiric Draining        Necr           0%         2d6       52%         3
 Animate Armour           Summ/Erth      0%         N/A       90%         4
 Animate Dead             Necr           0%         N/A       90%         4
 Brom's Barrelling Bould  Conj/Erth      0%         2d3       90%         4
 Cause Fear               Hex            0%         N/A       90%         4
 Dimensional Bullseye     Hex/Tloc       0%         N/A       90%         4
 Dispel Undead            Necr           0%         3d6       90%         4
 Flame Wave               Conj/Fire      0%         2d4       90%         4
 Manifold Assault         Tloc           0%         N/A       90%         4
 Olgreb's Toxic Radiance  Pois           0%         N/A       90%         4
 Passage of Golubria      Tloc           0%         N/A       90%         4
 Agony                    Necr           0%         N/A       99%         5
 Borgnjor's Vile Clutch   Necr/Erth      0%         N/A       99%         5
 Fireball                 Conj/Fire      0%         3d3       99%         5
 Freezing Cloud           Conj/Ice/Air   0%         6-21      99%         5
 Silence                  Hex/Air        0%         N/A       99%         5
 Death Channel            Necr           0%         N/A       100%        6
 Dispersal                Tloc           0%         N/A       100%        6
 Haunt                    Necr/Summ      0%         N/A       100%        7
 Monstrous Menagerie      Summ           0%         N/A       100%        7
 Summon Hydra             Summ           0%         N/A       100%        7
 Borgnjor's Revivificati  Necr           0%         N/A       100%        8
 Discord                  Hex            0%         N/A       100%        8
 Ignition                 Fire           0%         3d3       100%        8
 Lehudib's Crystal Spear  Conj/Erth      0%         10d2      100%        8
 Death's Door             Necr           0%         N/A       100%        9
 Dragon's Call            Summ           0%         N/A       100%        9


Dungeon Overview and Level Annotations

Branches:
Dungeon (15/15)            Temple (1/1) D:7            Lair (5/5) D:10
 Shoals (4/4) Lair:2       Spider (1/4) Lair:3        Slime (0/5) Lair:5
    Orc (2/2) D:10            Elf (3/3) Orc:2        Vaults (0/5) D:13
 Depths (0/4) D:15          IceCv (visited)         Gauntlet (visited)

Altars:
Ashenzari
Cheibriados
Dithmenos
Elyvilon
Fedhas
Gozag
Hepliaklqana
Kikubaaqudgha
Makhleb
Nemelex Xobeh
Okawaru
Qazlal
Ru
Sif Muna
Trog
Uskayaw
Vehumet
Wu Jian
Xom
Yredelemnul
Zin
The Shining One
Jiyva

Shops:
D:4 =   D:11 *   Orc:2 =(*[   Elf:1 [[(!   Elf:3 (   Shoals:1 **(**


Innate Abilities, Weirdness & Mutations

You are very small and have problems with some larger weapons.
You are too small for most types of armour.
You have supernaturally acute eyesight. (SInv)
You cover ground extremely quickly. (Speed+++)


Message History

You climb downwards.
There is a stone staircase leading up here.
There is a stone staircase leading down here.
You climb downwards.
There is a stone staircase leading up here.
There is a hole to the Spider Nest here.
You climb downwards.
Welcome to the Spider Nest!
This branch contains the gossamer rune of Zot.
Found 9 stones, a potion of curing and a scroll of poison.
There is a crawl-hole back to the Lair here.
There are monsters nearby!
You shoot a bolt. The bolt hits the redback!!!
You kill the redback!
Dithmenos accepts your kill.
Your shadow shoots a bolt.
You shoot a bolt. The bolt hits the demonic crawler!!
Lightning courses through the demonic crawler!
The demonic crawler is severely wounded.
Your shadow shoots a bolt.
The bolt barely misses the demonic crawler.
A redback comes into view. x2
You shoot a bolt. The bolt hits the demonic crawler!!
Lightning courses through the demonic crawler!
You kill the demonic crawler!
Dithmenos accepts your kill.
A torpor snail comes into view.
Being near the torpor snail leaves you feeling lethargic.
You shoot a bolt. The bolt barely misses the redback.
A steelbarb worm comes into view.
A tarantella comes into view.
You shoot a bolt. The bolt closely misses the redback.
Your shadow shoots a bolt.
The bolt hits the redback!
The redback completely misses you. x2; You block the redback's attack.
The redback misses you. The redback completely misses you.
The redback bites you!
You are lethally poisoned!
The redback poisons you!
You climb upwards.
Welcome back to the Lair of Beasts!
You feel yourself speed up.
Ouch! That really hurt!
You die...

.P#.###.............P............
.................................
............###..............####
............#...#............#
.................##.........##
................#...#........#
............###.....#........##
............#..s.s..#...#.....#
................@.........#...#
............#.......#........##
............##......###.....##
............#...............P#
.................##....#....##
............#........###....##
...<..(......##.....## #.....#
....................# ##....##
...............#....# #.....##


You could see 2 redbacks.

Vanquished Creatures
  Mlioglotl (Shoals:4)
  2 deep elf blademasters (Elf:3)
  A titan (Shoals:3)
  3 krakens (Shoals:3)
  Kirke (D:12)
  Gastronok (Lair:1)
  Ilsuiw (Shoals:4)
  9 deep elf sorcerers (Elf:3)
  2 frost giants (Shoals:3)
  2 orc warlords
  The ghost of Feull the Fighter, a journeyman MiFi of Okawaru (D:14)
  6 deep elf elementalists (Elf:3)
  A quicksilver ooze (Gauntlet)
  2 very ugly things (IceCv)
  Nessos (Orc:2)
  A minotaur (Gauntlet)
  6 deep elf demonologists
  11 deep elf annihilators
  Snorg (D:13)
  3 merfolk javelineers
  2 deep elf death magi (Elf:3)
  6 merfolk impalers
  A fire dragon (D:15)
  4 deep elf high priests (Elf:3)
  Erolcha (D:12)
  An ice dragon (D:15)
  7 hydras
  A jorogumo (shapeshifter) (Elf:3)
  3 merfolk avatars
  2 caustic shrike simulacra (IceCv)
  3 catoblepae
  3 alligator snapping turtles
  A vault guard (D:13)
  4 boulder beetles
  7 centaur warriors
  A death knight (D:15)
  A two-headed ogre (shapeshifter) (D:13)
  4 merfolk aquamancers
  4 satyrs
  A tengu warrior (Gauntlet)
  A demonic crawler (Spider:1)
  Urug (D:11)
  29 dancing weapons
  5 orc high priests
  Nergalle (Lair:3)
  Sonja (Lair:3)
  22 deep elf knights
  2 sun demons (Shoals:2)
  5 skysharks
  7 skeletal warriors (D:15)
  2 sun moths
  A goliath frog (Lair:5)
  A pharaoh ant (Lair:3)
  13 sea snakes
  Lodul (D:14)
  3 orange crystal statues
  9 deep elf archers
  3 orc knights (Orc:2)
  19 deep elf pyromancers
  A lindwurm (shapeshifter) (D:13)
  A wizard (D:13)
  2 phantasmal warriors (D:15)
  22 deep elf zephyrmancers
  29 ugly things
  4 orc sorcerers (Orc:2)
  A wolf spider (D:13)
  A cyclops (shapeshifter) (Elf:1)
  22 fauns
  12 elephants
  14 manticores
  12 cyclopes
  A manticore (shapeshifter) (Elf:2)
  A moth of wrath (Gauntlet)
  A guardian serpent (Lair:5)
  10 merfolk sirens
  5 water nymphs
  6 black mambas
  4 gargoyles
  22 cane toads
  4 kobold demonologists
  4 komodo dragons
  An unseen horror (D:13)
  2 rime drakes (shapeshifter) (D:13)
  An efreet (D:13)
  2 anaconda simulacra (IceCv)
  6 freezing wraiths
  A rime drake (Lair:1)
  3 tengu conjurers
  2 golden dragon simulacra (IceCv)
  A queen bee (D:14)
  9 trolls
  5 wind drakes
  2 polar bears (Lair:3)
  16 merfolk
  Grinder (D:3)
  2 tyrant leeches (Lair:5)
  2 meliai (D:14)
  2 tarantellas (Lair:3)
  A hornet (shapeshifter) (D:12)
  16 dream sheep
  An alligator simulacrum (IceCv)
  3 hornets (D:14)
  8 snapping turtles
  21 blink frogs
  12 slime creatures
  A dream sheep (shapeshifter) (Elf:3)
  2 jumping spiders (Lair:3)
  2 dire elephant simulacra (IceCv)
  Sigmund (D:5)
  13 water elementals
  A shadow (D:10)
  An air elemental (Elf:2)
  22 yaks
  2 wraiths (D:12)
  3 vampires (D:12)
  A fire elemental (Elf:1)
  6 wyverns
  7 basilisks
  8 vampire mosquitoes
  A redback (Spider:1)
  A steam dragon (D:10)
  2 wargs
  3 harpy simulacra (IceCv)
  3 acid dragons
  A swamp worm (shapeshifter) (D:13)
  18 water moccasins
  37 orc warriors
  An ice beast (D:7)
  A black bear (shapeshifter) (Elf:3)
  2 ettin simulacra (IceCv)
  13 ogres
  9 wolves
  A phantom (D:4)
  2 centaurs
  6 kobold brigands
  2 earth elementals (Elf:3)
  17 bullfrogs
  A scorpion (D:5)
  7 wights (D:9)
  3 lindwurm simulacra (IceCv)
  17 killer bees
  14 howler monkeys
  23 orc priests
  3 hounds
  6 jellies
  A sleepcap (D:5)
  5 iguanas
  30 orc wizards
  5 hell rats (Lair:5)
  4 gnolls (D:7)
  6 adders
  4 white imps
  4 ufetubi (D:6)
  3 worms
  A dart slug (D:2)
  83 orcs
  5 ball pythons
  7 endoplasms
  5 giant cockroaches
  5 goblins
  2 hobgoblins (D:1)
  2 jackals (D:1)
  2 quokkas
  6 bats
  A frilled lizard (D:2)
  27 kobolds
  4 rats
  4 tentacles (Shoals:3)
1018 creatures vanquished.

Vanquished Creatures (others)
  A sun moth (Shoals:2)
  An orc (Orc:2)
  31 tentacles (Shoals:3)
33 creatures vanquished.

Grand Total: 1051 creatures vanquished

Notes
Turn   | Place    | Note
-------+----------+-------------------------------------------
     0 | D:1      | BinkBink the Spriggan Hunter began the quest for the Orb.
     0 | D:1      | Reached XP level 1. HP: 10/10 MP: 2/2
    58 | D:1      | Reached skill level 2 in Stealth
   109 | D:1      | Reached XP level 2. HP: 14/14 MP: 3/3
   271 | D:1      | Reached skill level 3 in Stealth
   879 | D:2      | Found a faded altar of an unknown god.
   918 | D:2      | Reached XP level 3. HP: 18/18 MP: 4/4
  1494 | D:3      | Found an ornate altar of the Wu Jian Council.
  1511 | D:3      | Reached skill level 4 in Stealth
  1576 | D:3      | Noticed Grinder
  1589 | D:3      | Paralysed by Grinder for 3 turns
  1672 | D:3      | Paralysed by Grinder for 3 turns
  1716 | D:3      | Killed Grinder
  1717 | D:3      | Reached skill level 5 in Ranged Weapons
  1717 | D:3      | Reached skill level 6 in Stealth
  1717 | D:3      | Reached XP level 4. HP: 22/22 MP: 5/5
  1717 | D:3      | Reached XP level 5. HP: 25/25 MP: 6/6
  2199 | D:4      | Reached XP level 6. HP: 29/30 MP: 7/7
  2225 | D:4      | Reached skill level 7 in Stealth
  2380 | D:4      | Found Doesag's Jewellery Shop.
  2683 | D:4      | Found an opulent altar of Gozag.
  2683 | D:4      | Found an iron altar of Okawaru.
  2687 | D:4      | Found a hide-covered altar of Uskayaw.
  2692 | D:4      | Found a shimmering altar of Xom.
  2702 | D:4      | Found a stormy altar of Qazlal.
  2711 | D:4      | Found a shadowy altar of Dithmenos.
  2719 | D:4      | Became a worshipper of Dithmenos the Shadowed
  2743 | D:4      | Reached skill level 8 in Stealth
  2866 | D:4      | Reached XP level 7. HP: 27/33 MP: 8/8
  3020 | D:4      | Reached skill level 9 in Stealth
  3311 | D:5      | Entered Level 5 of the Dungeon
  3409 | D:5      | Noticed Sigmund
  3918 | D:5      | Reached * piety under Dithmenos
  4073 | D:5      | Reached skill level 10 in Stealth
  4073 | D:5      | Reached XP level 8. HP: 37/37 MP: 9/9
  4380 | D:6      | Found a white marble altar of Elyvilon.
  4747 | D:6      | Reached skill level 5 in Dodging
  4856 | D:6      | Identified 2 scrolls of acquirement
  4861 | D:6      | Acquired the +6 arbalest of Tenacity {elec, rF+ Int+6 Dex+3
                  | Stlth-}
  4863 | D:6      | Acquired the amulet of Mas Yxte {Reflect rC+ Str+7 SH+5}
  4899 | D:7      | Reached skill level 11 in Stealth
  5320 | D:7      | Reached XP level 9. HP: 41/41 MP: 10/10
  5327 | D:7      | Found a shimmering blue altar of Sif Muna.
  5392 | D:7      | Found a basalt altar of Yredelemnul.
  5436 | D:7      | Reached ** piety under Dithmenos
  5437 | D:7      | Reached skill level 12 in Stealth
  5501 | D:7      | Found a staircase to the Ecumenical Temple.
  5816 | D:8      | Found a hazy altar of Hepliaklqana.
  5942 | D:8      | Found a snail-covered altar of Cheibriados.
  5950 | D:8      | Found a sacrificial altar of Ru.
  6259 | D:8      | Reached skill level 13 in Stealth
  6892 | D:8      | Acquired the ring of Brilliance {rF+ Dex+6}
  6930 | D:9      | Noticed a cyclops
  6934 | D:9      | Killed a cyclops
  6935 | D:9      | Reached skill level 10 in Ranged Weapons
  6935 | D:9      | Reached XP level 10. HP: 46/46 MP: 11/11
  7014 | D:9      | Reached skill level 14 in Stealth
  7132 | D:9      | Reached *** piety under Dithmenos
  7238 | D:9      | Found a blossoming altar of Fedhas.
  7669 | D:10     | Entered Level 10 of the Dungeon
  7694 | D:9      | Reached skill level 10 in Dodging
  7836 | D:9      | Noticed an orange demon
  7885 | D:9      | Reached skill level 1 in Armour
  8152 | D:10     | Reached skill level 15 in Stealth
  8158 | D:10     | Found a staircase to the Lair.
  8183 | D:10     | Reached XP level 11. HP: 43/52 MP: 12/12
  8231 | D:10     | Noticed a catoblepas
  8236 | D:10     | Killed a catoblepas
  8288 | D:10     | Found a staircase to the Orcish Mines.
  8781 | D:11     | Noticed a green ugly thing
  8784 | D:11     | Killed a green ugly thing
  8867 | D:11     | Found Hetoxt's Elemental Accessories.
  8907 | D:11     | Got a faded book
  9098 | D:11     | Noticed Urug
  9112 | D:11     | Killed Urug
  9610 | Lair:1   | Entered Level 1 of the Lair of Beasts
  9716 | Lair:1   | Reached skill level 16 in Stealth
  9717 | Lair:1   | Reached **** piety under Dithmenos
 10081 | Lair:1   | Noticed Gastronok
 10549 | Lair:2   | Reached XP level 12. HP: 59/59 MP: 13/13
 10578 | Lair:2   | Reached skill level 5 in Fighting
 10634 | Lair:2   | Found a staircase to the Shoals.
 10704 | Lair:2   | Noticed a six-headed hydra
 10711 | Lair:2   | Killed a six-headed hydra
 11091 | Lair:2   | Reached skill level 17 in Stealth
 11379 | Lair:3   | Noticed Sonja
 11381 | Lair:3   | Killed Sonja
 11491 | Lair:3   | Noticed Nergalle
 11542 | Lair:3   | Killed Nergalle
 11634 | Lair:3   | Reached skill level 5 in Armour
 11939 | Lair:3   | Reached ***** piety under Dithmenos
 12025 | Lair:3   | Found a hole to the Spider Nest.
 12467 | Lair:4   | Reached skill level 18 in Stealth
 12496 | Lair:4   | Reached XP level 13. HP: 65/65 MP: 14/14
 13097 | Lair:5   | Entered Level 5 of the Lair of Beasts
 13195 | Orc:1    | Entered Level 1 of the Orcish Mines
 13195 | Orc:1    | Noticed an orc warlord
 13250 | D:10     | Killed an orc warlord
 13377 | Orc:2    | Entered Level 2 of the Orcish Mines
 13378 | Orc:2    | Noticed Nessos
 13510 | Orc:2    | Killed Nessos
 13805 | Orc:2    | Found a staircase to the Elven Halls.
 13844 | Orc:2    | Found a gate leading to a gauntlet.
 13855 | Gauntlet | Entered a Gauntlet
 13855 | Gauntlet | Found a transporter.
 13865 | Gauntlet | Found a transporter.
 13876 | Gauntlet | Found a transporter.
 13879 | Gauntlet | Found a transporter.
 13885 | Gauntlet | Found a runed translucent gate.
 13885 | Gauntlet | Found a runed translucent gate.
 13885 | Gauntlet | Found a runed translucent gate.
 13888 | Gauntlet | Found a transporter.
 13888 | Gauntlet | Noticed a quicksilver ooze
 13904 | Gauntlet | Found a transporter.
 13915 | Gauntlet | Found a transporter.
 13920 | Gauntlet | Noticed a blizzard demon
 13927 | Gauntlet | Found a transporter.
 13928 | Gauntlet | Found a runed translucent door.
 13935 | Gauntlet | Found a runed translucent door.
 13935 | Gauntlet | Noticed a cacodemon
 13941 | Gauntlet | Found a transporter.
 13951 | Gauntlet | Found a transporter.
 13951 | Gauntlet | Found a transporter.
 14005 | Gauntlet | Found a transporter.
 14006 | Gauntlet | Found a transporter.
 14018 | Gauntlet | Found a transporter.
 14154 | Gauntlet | Reached ****** piety under Dithmenos
 14192 | Gauntlet | Identified the +1 cloak of Elyvilon's Hope {Harm rC+}
 14212 | Gauntlet | Killed a quicksilver ooze
 14278 | Gauntlet | Noticed a minotaur
 14324 | Gauntlet | Killed a minotaur
 14325 | Gauntlet | Reached skill level 19 in Stealth
 14624 | Orc:2    | Noticed an orc warlord
 14645 | Orc:2    | Killed an orc warlord
 14712 | Orc:2    | Reached skill level 15 in Dodging
 16187 | Orc:2    | Found Heymuycs's General Store.
 16188 | Orc:2    | Found Mooteeha's Jewellery Shoppe.
 16190 | Orc:2    | Found Nisy's Antique Armour Emporium.
 16190 | Orc:2    | Found Huerol's Antique Weapon Emporium.
 16195 | Orc:2    | Bought a scroll of identify for 26 gold pieces
 16206 | Orc:2    | Bought a faintly glowing orcbow for 161 gold pieces
 16206 | Orc:2    | Identified the +1 orcbow "Vevacuoz" {drain, Will+ Dex+8}
                  | (You bought it in a shop on level 2 of the Orcish Mines)
 16206 | Orc:2    | Bought a slimy shortbow for 152 gold pieces
 16206 | Orc:2    | Identified the +0 shortbow "Lifebane" {drain, *Slow rPois
                  | rC++ Dex+3} (You bought it in a shop on level 2 of the
                  | Orcish Mines)
 16206 | Orc:2    | Bought a crystal orcbow for 161 gold pieces
 16206 | Orc:2    | Identified the +7 orcbow of Dopsawn {freeze, Fly Str-5
                  | Int+2 Dex+3} (You bought it in a shop on level 2 of the
                  | Orcish Mines)
 16863 | Lair:5   | Reached XP level 14. HP: 70/73 MP: 15/15
 17078 | Lair:5   | Reached skill level 20 in Stealth
 17928 | Lair:5   | Found the +3 pair of seven-league boots {Rampage+∞}
 18078 | Lair:5   | Found a viscous altar of Jiyva.
 18141 | Lair:5   | Found a staircase to the Slime Pits.
 18433 | Lair:5   | Acquired a manual of Dodging
 18580 | D:12     | Noticed Erolcha
 18582 | D:12     | Killed Erolcha
 18872 | D:12     | Noticed Kirke
 18881 | D:12     | Killed Kirke
 19350 | D:13     | Reached skill level 21 in Stealth
 20158 | D:13     | Reached XP level 15. HP: 79/79 MP: 16/16
 20719 | D:13     | Got a clothbound book
 20739 | D:13     | Identified the staff "Usilamumm" {rF+ rCorr Str+3 Int+5
                  | Dex-4 Fire}
 20788 | D:13     | Reached skill level 15 in Ranged Weapons
 20910 | D:13     | Identified the +3 morningstar of the Hurling Queen {heavy,
                  | rPois rF+}
 21444 | D:13     | Found a gate to the Vaults.
 21566 | D:14     | Noticed Snorg
 22017 | D:13     | Killed Snorg
 22155 | D:14     | Found a portal to a secret trove of treasure.
 22181 | D:14     | Noticed Feull's ghost (journeyman MiFi)
 22184 | D:14     | Found a transporter.
 22188 | D:14     | Found a transporter.
 22201 | D:14     | Noticed Lodul
 22203 | D:14     | Killed Lodul
 22264 | D:14     | Found a frozen archway.
 22278 | IceCv    | Entered an ice cave
 22293 | IceCv    | Reached skill level 10 in Fighting
 22405 | IceCv    | Reached skill level 22 in Stealth
 23501 | D:15     | Entered Level 15 of the Dungeon
 24048 | D:15     | Reached XP level 16. HP: 86/86 MP: 17/17
 24186 | D:15     | Found a staircase to the Depths.
 24233 | D:15     | Found an opulent altar of Gozag.
 24652 | Shoals:1 | Entered Level 1 of the Shoals
 24892 | Shoals:1 | Found Bath's Assorted Antiques.
 24900 | Shoals:1 | Bought a bloodstained orcbow for 195 gold pieces
 24900 | Shoals:1 | Identified the +7 orcbow of Lonep {drain, Int+4} (You
                  | bought it in a shop on level 1 of the Shoals)
 24900 | Shoals:1 | Bought a scroll labelled WEYMAK CILY for 23 gold pieces
 24931 | Shoals:1 | Found Xecar's General Store.
 24933 | Shoals:1 | Found Kelesaenn's General Store.
 24937 | Shoals:1 | Found But Kop's Weapon Shop.
 24939 | Shoals:1 | Bought a scroll of identify for 38 gold pieces
 24952 | Shoals:1 | Bought a scroll of noise for 13 gold pieces
 25017 | Shoals:1 | Found Hppoar's Humungous Hoard.
 25025 | Shoals:1 | Bought a +1 hand cannon of electrocution for 298 gold
                  | pieces
 25025 | Shoals:1 | Bought the -1 hat "Widaekh" {Int+2 Dex+5} for 393 gold
                  | pieces
 25329 | Shoals:2 | Reached skill level 23 in Stealth
 29623 | Shoals:3 | Noticed a kraken
 29673 | Shoals:3 | Killed a kraken
 29806 | Shoals:3 | Noticed a kraken
 29927 | Shoals:3 | Noticed a kraken
 29969 | Shoals:3 | Killed a kraken
 30387 | Shoals:3 | Killed a kraken
 30388 | Shoals:3 | Reached skill level 24 in Stealth
 30545 | Shoals:3 | Noticed a titan
 30598 | Shoals:3 | Killed a titan
 30841 | Shoals:4 | Entered Level 4 of the Shoals
 30841 | Shoals:4 | Noticed Mlioglotl
 31185 | Shoals:4 | Reached XP level 17. HP: 93/93 MP: 18/18
 31362 | Shoals:4 | Killed Mlioglotl
 31531 | Shoals:4 | Got a barnacled rune of Zot
 31755 | Shoals:4 | Identified the +4 mace of Shame {speed, rPois}
 32397 | Shoals:4 | Noticed Ilsuiw
 32935 | Shoals:4 | Killed Ilsuiw
 33769 | D:5      | Killed Sigmund
 34353 | Lair:1   | Killed Gastronok
 34791 | D:14     | Killed Feull's ghost
 34855 | D:14     | You paid a toll of a +6 demon trident to enter a treasure
                  | trove
 34856 | Trove    | Entered a treasure trove
 34891 | Trove    | Identified the +8 spear of the Sky {spect, rPois rF++ Str+3
                  | Dex-2}
 34892 | Trove    | Identified the +11 rapier of the Dwarven Hall {drain, Will+
                  | Str+3 Int-3}
 34904 | Trove    | Identified the amulet of Yqupnat {Will+ Regen+ rCorr MP+9
                  | Str-4 Dex+2}
 34906 | Trove    | Identified the +0 hat "Wimus" {rPois rC- rN+++ Regen+}
 34908 | Trove    | Identified the amulet of Leulo {rElec rF+ Regen+ rCorr
                  | Dex+3}
 34911 | Trove    | Identified the +5 hand axe of Hell's Wrath {drain, rElec
                  | Str+3}
 35080 | Temple   | Entered the Ecumenical Temple
 35213 | Elf:1    | Entered Level 1 of the Elven Halls
 35511 | Elf:1    | Found Bean's Distillery.
 35514 | Elf:1    | Found Ipniteh's Antique Weapon Shop.
 35514 | Elf:1    | Found Gacutras's Armour Boutique.
 35523 | Elf:1    | Found Vogir's Antique Armour Boutique.
 35528 | Elf:1    | Bought a potion of invisibility for 88 gold pieces
 35528 | Elf:1    | Bought 2 potions of heal wounds for 110 gold pieces
 35528 | Elf:1    | Bought a potion of heal wounds for 55 gold pieces
 35534 | Elf:1    | Bought a dull robe for 171 gold pieces
 35534 | Elf:1    | Identified the +4 robe of the Swamp {Harm rF- Slay+3} (You
                  | bought it in a shop on level 1 of the Elven Halls)
 36049 | Elf:1    | Got an innocuous book
 36117 | Elf:1    | Reached skill level 25 in Stealth
 37790 | Elf:2    | Found a runed translucent gate.
 37794 | Elf:2    | Found a runed translucent gate.
 37794 | Elf:2    | Found a runed translucent gate.
 38907 | Elf:2    | Reached XP level 18. HP: 80/99 MP: 19/19
 40208 | Elf:3    | Entered Level 3 of the Elven Halls
 40880 | Elf:3    | Reached skill level 26 in Stealth
 41160 | Elf:3    | Found Vent's Antique Weapon Shop.
 41439 | Elf:3    | Identified the amulet of the Delightful God {Reflect rPois
                  | SH+5}
 42291 | Elf:3    | Identified the +3 leather armour of Efuteg {Regen+ SInv}
 42505 | Elf:3    | Identified the amulet "Haes Virerph" {Spirit +Inv Str+2
                  | SInv}
 42799 | Elf:3    | Identified the ring of Jaqorobi {Str+6 Int+4}
 42933 | Elf:3    | HP: 1/100 [deep elf elementalist/blast of rock fragments
                  | (32)]
 44245 | Elf:3    | Got a grimy book
 44265 | Elf:3    | Got a rare book
 44273 | Elf:3    | Got a murmuring book
 44411 | Elf:1    | Bought storm dragon scales for 2400 gold pieces
 44586 | Spider:1 | Entered Level 1 of the Spider Nest
 44593 | Lair:3   | Succumbed to a redback's poison

Illustrated notes

Levels and vault maps discovered:
D:1:      elethiomel_arrival_infinity_welcomes_careful_drivers,
          layout_loops_ring, nicolae_wormholes
D:2:      layout_loops_ring, chequers_ecumenical_altar_simple_redux
D:3:      layout_loops_ring, nicolae_wu_jian_wuxing_cycle, uniq_grinder
D:4:      layout_gridville, grunt_temple_overflow_open, serial_shops,
          nicolae_shop_waterfront
D:5:      layout_cave_pods, uniq_sigmund
D:6:      layout_basic, mainiacjoe_overflow_six_doors_small,
          serial_corexii_hall, corexii_hall_statues_i, corexii_hall_statues_s,
          palyth_stone_intersect
D:7:      layout_loops_ring, tgw_sif, kennysheep_little_box, temple_statues
D:8:      layout_basic, mainiacjoe_overflow_surrounded_room,
          mainiacjoe_overflow_large_starburst
D:9:      layout_basic, fedhas_altar_3
D:10:     layout_cross, minmay_lair_entry_grove, orc_0_dummy,
          minmay_stone_trees_medium
D:11:     layout_stronghold, nicolae_elemental_shop, uniq_urug
D:12:     layout_loops_cross, kennysheep_generic_room_6, uniq_kirke,
          uniq_erolcha
D:13:     minmay_the_grid_triangle_9x9_rhombus_full_mashed
          [minmay_the_grid_triangle_9x9_limited_checkers,
          minmay_the_grid_triangle_9x9_minimal,
          minmay_the_grid_triangle_9x9_dagger,
          minmay_the_grid_triangle_9x9_cache,
          minmay_the_grid_triangle_9x9_zippers_vertical,
          minmay_the_grid_triangle_9x9_negative_grid,
          minmay_the_grid_triangle_9x9_descending_squares,
          minmay_the_grid_triangle_9x9_prize_center], layout_rooms,
          david_vaults_5
D:14:     layout_long_grid, enter_trove_1, portal_ice_cave_entry_frozen_things,
          serial_bayou, serial_bayou_pond_e, serial_bayou_pond_e,
          serial_bayou_shore_b, serial_bayou_pond_e, gammafunk_ghost_hive,
          kennysheep_nondescript, kennysheep_cross_bottleneck, uniq_snorg,
          uniq_lodul
D:15:     grunt_enter_depths_hoard, layout_long_grid, minivault_20,
          nicolae_gozag_seed_capital
Temple:   hellmonk_temple_forest_ring
Lair:1:   layout_regular_city, grunt_megastairs_2, uniq_gastronok
Lair:2:   layout_chaotic_city, elwin_shoals_entry_rooms
Lair:3:   layout_long_grid, nicolae_spider_entry_lesser_pyramids,
          infiniplex_staircase_pool, serial_bayou_shore_b, uniq_nergalle,
          uniq_sonja
Lair:4:   layout_roguey, grunt_forest_small_clearings
Lair:5:   minmay_lair_end_frog_pond, layout_regular_city,
          nicolae_slime_entry_field_trip,
          hellmonk_guarded_unrand_seven_league_boots
Shoals:1: layout_shoals, serial_shops, shop, shop, shop_fountains, shop,
          nicolae_alphabet_shops
Shoals:2: layout_shoals
Shoals:3: cheibrodos_shoals_gigantism, layout_shoals,
          nicolae_shoals_bring_sunscreen
Shoals:4: shoals_end_grunt_garden, layout_shoals, shoals_ilsuiw_ice,
          nicolae_shoals_square_sea_wall, uniq_mlioglotl
Spider:1: layout_spider_delve
Orc:1:    layout_diamond_mine, david_defended_altar_orc
Orc:2:    st_orc_congregation, layout_diamond_mine, gauntlet_entry_generic,
          uniq_nessos
Elf:1:    layout_gridlike, minmay_elf_demonology, nicolae_elf_big_sculpture_3,
          minmay_shoptagon
Elf:2:    nicolae_elf_blades_crystal_corner, layout_gridlike, minivault_16
Elf:3:    minmay_elf_hall_x, layout_geoelf_octagon, serial_shops,
          nicolae_square_shop

Skill      XL: |  1  2  3  4  5  6  7  8  9 10 11 12 13 14 15 16 17 18 |
---------------+-------------------------------------------------------+-----
Stealth        | 2 3 6 8 10 11 13 15 16 18 19 21 22 24 25 26 | 26.9
Ranged Weapons | 5 6 7 8 10 11 12 13 14 15 16 17 18 | 18.0
Dodging        | 4 6 9 10 12 13 15 17 20 22 23 24 | 24.5
Fighting       | 3 4 6 8 9 10 11 12 13 | 13.9
Armour         | 2 4 5 |  5.0

Action                     |  1- 3 |  4- 6 |  7- 9 | 10-12 | 13-15 | 16-18 || total
---------------------------+-------+-------+-------+-------+-------+-------++-------
  Melee: Arbalest          |       |       |       |     5 |       |       ||     5
   Fire: Shortbow          |   120 |   123 |   173 |       |       |       ||   416
         Arbalest          |       |       |   157 |   370 |  1063 |  1127 ||  2717
 Invoke: Shadow Form       |       |       |       |       |     1 |       ||     1
  Evoke: Wand              |       |       |       |       |     3 |       ||     3
    Use: Scroll            |       |       |    12 |     6 |     9 |    17 ||    44
         Potion            |       |       |       |       |     6 |     1 ||     7
 Armour: Robe              |     6 |    29 |    44 |     3 |       |    28 ||   110
         Troll leather arm |       |       |       |    32 |    67 |    42 ||   141
  Dodge: Dodged            |    33 |    43 |   175 |   209 |   481 |   472 ||  1413
  Block: Other             |       |       |    18 |    29 |    82 |    65 ||   194
         Reflection        |       |       |     1 |       |    10 |    11 ||    22

Table legend: (Time is in decaauts)
 A = Elapsed time spent in this place.
 B = Non-inter-level travel time spent in this place.
 C = Inter-level travel time spent in this place.
 D = Time resting spent in this place.
 E = Time spent auto-exploring this place.
 F = Levels seen in this place.
 G = Mean time per level.
                   A        B        C        D        E       F      G
               +--------+--------+--------+--------+--------+-----+--------+
         Total |  35887 |  34166 |   1721 |  15021 |  12069 |  34 | 1055.5 |
       Dungeon |  12261 |  11408 |    853 |   2848 |   5794 |  15 |  817.4 |
        Temple |      1 |      0 |      1 |      0 |      0 |   1 |    1.0 |
          Lair |   4374 |   3943 |    431 |    834 |   1979 |   5 |  874.8 |
        Shoals |   7541 |   7359 |    182 |   4600 |   1461 |   4 | 1885.2 |
   Spider Nest |      8 |      8 |      0 |      0 |      0 |   1 |    8.0 |
  Orcish Mines |   2508 |   2381 |    127 |   1316 |    547 |   2 | 1254.0 |
   Elven Halls |   8178 |   8054 |    124 |   5000 |   2085 |   3 | 2726.0 |
         Trove |     55 |     55 |      0 |      0 |      3 |   1 |   55.0 |
      Ice Cave |    456 |    456 |      0 |    280 |     16 |   1 |  456.0 |
      Gauntlet |    499 |    499 |      0 |    141 |    182 |   1 |  499.0 |
               +--------+--------+--------+--------+--------+-----+--------+

Top non-repeatable levels by time:
   Elf:2: 3745 daAuts
   Elf:3: 3036 daAuts
Shoals:2: 2895 daAuts
Shoals:4: 2277 daAuts
    D:13: 2126 daAuts
   Orc:2: 2050 daAuts
Shoals:3: 1901 daAuts
   Elf:1: 1397 daAuts
  Lair:5: 1336 daAuts
    D:14: 1009 daAuts
  Lair:1: 1007 daAuts
     D:9: 974 daAuts
    D:12: 954 daAuts
     D:8: 947 daAuts
     D:5: 880 daAuts
